Map: Lightshade LE

Players

A.I. 1 (Very Easy)

  • Race: Terran Terran

QuietMind - Winner!

  • Race: Terran Terran

VOD

Have the link to the VOD?

Description

Time

  • Played on: Aug. 15, 2021, 4:17 a.m.
  • Length: 12:24
Show
View Real Time Build Order
Export as new Build Order

A.I. 1 (Very Easy) Terran 

Build Orders: Reaper Expand 

Get SALT Encoding   

  12  0:00  SCV  
  13  0:13  SCV  
  14  0:18  Supply Depot  
  14  0:42  Barracks  
  14  1:03  Command Center  
  14  1:30  Supply Depot, Orbital Command  
  14  1:31  Marine  
  15  1:37  Refinery  
  15  1:48  Refinery  
  15  1:56  SCV  
  16  2:08  SCV  
  16  2:15  SCV  
  18  2:17  Reaper  
  18  2:22  SCV  
  20  2:29  SCV  
  21  2:36  SCV  
  22  2:44  SCV  
  23  2:49  Refinery  
  23  2:51  SCV  
  24  2:58  SCV  
  25  3:02  Marine  
  25  3:05  SCV  
  28  3:12  SCV  
  28  3:15  Factory  
  28  3:38  SCV  
  28  3:39  Refinery  
  29  3:45  SCV  
  29  3:48  Marine  
  31  3:53  SCV  
  32  3:56  Supply Depot  
  32  4:00  SCV  
  33  4:03  Starport  
  33  4:07  SCV  
  34  4:14  SCV  
  35  4:21  SCV  
  36  4:28  SCV  
  37  4:34  Marine  
  37  4:36  SCV  
  39  4:39  Supply Depot, Starport Tech Lab  
  39  4:43  SCV  
  40  4:50  SCV  
  41  4:57  SCV  
  41  4:59  Raven  
  42  5:04  SCV  
  45  5:11  SCV  
  46  5:18  SCV  
  46  5:19  Marine  
  47  5:26  SCV  
  48  5:42  Raven  
  50  6:05  Reaper  
  51  6:38  Barracks Tech Lab  
  51  6:58  Marauder  
  53  7:05  SCV  
  43  9:54  Supply Depot  
  43  9:56  SCV  
  22  10:08  SCV  
Show
View Real Time Build Order
Export as new Build Order

QuietMind Terran - Winner!

Build Orders: Mech 

Get SALT Encoding   

  12  0:00  SCV  
  13  0:12  SCV  
  14  0:17  Supply Depot  
  14  0:24  SCV  
  15  0:39  SCV  
  15  0:40  Barracks  
  16  0:46  Refinery  
  16  0:51  SCV  
  17  1:03  SCV  
  18  1:15  SCV  
  19  1:27  Orbital Command  
  19  1:35  Command Center  
  19  1:47  Factory  
  19  1:49  Marine  
  19  1:53  SCV  
  21  2:00  Supply Depot  
  21  2:06  Refinery  
  21  2:07  SCV  
  22  2:14  Barracks Tech Lab  
  22  2:19  SCV  
  23  2:31  SCV  
  24  2:37  Siege Tank  
  24  2:38  Marine  
  24  2:44  SCV  
  29  2:56  SCV  
  29  2:58  Marine  
  31  3:02  Bunker  
  31  3:06  Orbital Command  
  31  3:08  SCV  
  31  3:09  Siege Tank  
  35  3:17  Marine  
  36  3:20  SCV  
  37  3:28  Supply Depot  
  37  3:32  SCV x2  
  39  3:40  Barracks Reactor  
  39  3:42  Siege Tank  
  39  3:44  SCV x2  
  44  3:50  Supply Depot  
  44  3:56  SCV x2  
  44  4:00  Command Center  
  46  4:06  Armory  
  46  4:08  SCV x2  
  48  4:13  Factory  
  48  4:20  Supply Depot  
  48  4:26  SCV x2  
  48  4:28  Widow Mine x2  
  48  4:30  Marauder  
  56  4:35  Engineering Bay  
  56  4:38  SCV x2, Refinery  
  57  4:45  Supply Depot  
  58  4:50  SCV x2  
  60  4:59  Hellbat  
  64  5:00  Hellbat  
  64  5:03  SCV x2  
  66  5:08  Barracks Tech Lab  
  66  5:09  Missile Turret x2, Refinery  
  66  5:13  Thor  
  72  5:15  SCV x2  
  72  5:19  Orbital Command  
  74  5:28  Hellbat, Marauder  
  78  5:31  Hellbat  
  78  5:32  Supply Depot  
  78  5:33  Orbital Command  
  78  5:35  Terran Vehicle Weapons Level 1  
  80  5:44  SCV x2  
  82  5:52  Marauder  
  82  5:55  Missile Turret  
  82  5:56  SCV x2, Thor  
  92  6:05  SCV  
  92  6:08  SCV x2, Hellbat x2  
  99  6:11  Supply Depot  
  99  6:12  Supply Depot  
  99  6:15  Marauder  
  99  6:17  Bunker  
  101  6:30  Supply Depot  
  101  6:33  SCV x3, Hellbat x2  
  101  6:39  Marauder  
  110  6:40  Thor, Supply Depot  
  110  6:45  SCV, Supply Depot  
  117  6:52  SCV x2  
  117  6:53  Command Center  
  119  6:56  Hellbat  
  119  6:57  SCV, Hellbat  
  124  7:02  Marauder  
  124  7:04  SCV x2  
  124  7:08  Factory  
  128  7:09  SCV, Supply Depot  
  128  7:10  Armory  
  129  7:16  SCV x2, Supply Depot  
  129  7:18  Hellbat  
  129  7:20  Hellbat  
  129  7:21  SCV  
  136  7:24  Refinery  
  136  7:26  Refinery  
  136  7:28  SCV x2  
  138  7:30  Thor  
  138  7:32  Terran Vehicle And Ship Armor Level 1  
  138  7:35  Supply Depot  
  138  7:36  SCV, Supply Depot  
  145  7:39  Marauder  
  145  7:40  SCV  
  152  7:44  Hellbat x2  
  152  7:46  SCV  
  152  7:48  SCV  
  154  7:52  SCV  
  154  7:58  SCV  
  156  7:59  Supply Depot  
  156  8:00  SCV  
  156  8:01  Supply Depot  
  156  8:04  SCV  
  159  8:06  Thor  
  159  8:07  Hellbat  
  159  8:08  Hellbat  
  159  8:10  SCV, Barracks Tech Lab  
  159  8:12  SCV  
  170  8:16  SCV  
  170  8:17  Thor  
  177  8:24  SCV x2  
  179  8:27  Supply Depot  
  179  8:29  SCV, Marauder  
  179  8:31  Supply Depot, Hellbat  
  179  8:32  Supply Depot  
  184  8:34  Missile Turret  
  184  8:36  SCV x2  
  184  8:41  SCV  
  187  8:44  Hellbat  
  187  8:46  Factory x2, Planetary Fortress  
  187  8:48  SCV  
  190  8:49  SCV  
  190  8:53  SCV  
  190  8:54  Thor  
  198  9:00  SCV  
  198  9:02  SCV  
  200  9:07  Refinery  
  200  9:08  Refinery  
  200  9:10  Command Center  
  200  9:11  Terran Vehicle Weapons Level 2  
  200  9:26  Command Center  
  200  9:34  Factory Reactor  
  199  9:54  Terran Vehicle And Ship Armor Level 2  
  199  9:56  Neosteel Armor  
  199  10:06  Factory  
  199  10:07  Factory x2, Starport  
  199  10:24  Factory Tech Lab  
  199  10:37  Command Center  
  199  10:39  Missile Turret  
  199  10:47  Fusion Core  
  199  10:52  Starport, Factory Reactor, Factory Tech Lab x2  
  199  10:53  Starport  
  199  10:54  Starport  
  199  10:55  Starport  
  199  11:03  Planetary Fortress, Orbital Command  
  199  11:07  SCV  
  199  11:19  Command Center  
  199  11:23  Command Center  
  199  11:25  Command Center  
  199  11:32  Starport Tech Lab x2  
  199  11:39  Starport  
  199  11:40  Starport  
  199  11:52  Starport Tech Lab x2  
  199  12:00  Factory  
  199  12:01  Factory  
  199  12:18  Starport Tech Lab x2  
  199  12:21  Missile Turret  
Tags
 
Composition
Mech
Matchup
TvT
Race
Terran
Add a new tag
Caveats
  • Supply blocks, unpowered buildings, or Contaminate may cause inaccurate times.
  • Supply counts are checked every 10 seconds.